 Dungeon Crawl Stone Soup version 0.27.1-34-g3ba077fa99 (console) character file.

Game seed: 14207420094466371742

2028 Banquo the Cleaver (level 9, -22/68 HPs)
             Began as a Formicid Fighter on Feb 16, 2022.
             Was a Follower of Uskayaw.
             Annihilated by a two-headed ogre (32 damage)
             ... on level 6 of the Dungeon.
             The game lasted 00:25:23 (7996 turns).

Banquo the Cleaver (Formicid Fighter)               Turns: 7996, Time: 00:25:24

Health: -22/68     AC: 11    Str: 23    XL:     9   Next: 47%
Magic:  9/9        EV:  7    Int:  9    God:    Uskayaw [*.....]
Gold:   281        SH: 11    Dex: 10    Spells: 8/8 levels left

rFire    . . .     SeeInvis +   a - +1 war axe
rCold    . . .     Faith    .   i - +1 kite shield
rNeg     . . .     Spirit   .   d - +0 chain mail
rPois    .         Reflect  .   (helmet unavailable)
rElec    .         Harm     .   (no cloak)
rCorr    .         Rampage  .   g - +0 pair of gloves
Will     .....                  (no boots)
Stlth    ..........             (no amulet)
HPRegen  0.21/turn              (no ring)
MPRegen  0.11/turn              (no ring)

@: no status effects
A: permanent stasis, dig shafts and tunnels, antennae 3, four strong arms
a: Dig, Shaft Self, Renounce Religion, Stomp


You were on level 6 of the Dungeon.
You worshipped Uskayaw.
Uskayaw was noncommittal.
You visited 2 branches of the dungeon, and saw 7 of its levels.
You also visited: Sewer.

You collected 281 gold pieces.

Inventory:

Hand Weapons
 a - a +1 war axe (weapon)
 b - a +0 vampiric trident
 l - a +1 short sword of venom
 m - a +0 vorpal flail
 q - a +0 war axe
 r - a +2 dagger of freezing
 u - a +0 trident
Missiles
 e - 219 stones
 h - 108 arrows
 s - 7 boomerangs
 v - 3 javelins
 x - 26 poisoned darts
 y - a curare-tipped dart
 B - 18 bolts
Armour
 d - a +0 chain mail (worn)
 g - a +0 pair of gloves (worn)
 i - a +1 kite shield (worn)
 A - a +0 scale mail
Magical Staves
 p - a staff of cold
Wands
 D - a wand of digging (5)
Scrolls
 j - a scroll of identify
 t - a scroll of magic mapping
Potions
 c - 2 potions of resistance
 f - a potion of might
 k - a potion of cancellation
 n - 4 potions of heal wounds
 o - 5 potions of curing
 w - a potion of lignification {unknown}
 z - 2 potions of flight


   Skills:
 + Level 5.1 Fighting
 * Level 9.6 Axes
 + Level 5.5 Armour
 + Level 1.8 Dodging
 + Level 5.9 Shields


You had 8 spell levels left.
You didn't know any spells.
Your spell library was empty.

Dungeon Overview and Level Annotations

Branches:
Dungeon (6/15)             Temple (1/1) D:5           Sewer (visited)

Altars:
Ashenzari
Cheibriados
Dithmenos
Elyvilon
Fedhas
Gozag
Hepliaklqana
Kikubaaqudgha
Makhleb
Nemelex Xobeh
Okawaru
Qazlal
Ru
Sif Muna
Trog
Uskayaw
Vehumet
Wu Jian
Xom
Yredelemnul
Zin
The Shining One

Annotations:
D:3 1 runed translucent door, Crazy Yiuf


Innate Abilities, Weirdness & Mutations

You cannot be hasted, slowed, berserked, paralysed or teleported.
You can dig through walls and to a lower floor.
You have a pair of large antennae on your head. (SInv)
Your four strong arms can wield two-handed weapons with a shield.


Message History

Found a white marble altar of Elyvilon.
There is an open door here.
There is an open door here.
There is an open door here.
You open the door.
There is an open door here.
You now have 281 gold pieces (gained 16).
There is an open door here.
You open the door.
There is an open door here.
You open the door.
You sense a monster nearby.
There is an open door here.
A gnoll is nearby!
The gnoll shouts!
There is an open door here.
You hit the gnoll.
The gnoll is lightly wounded.
The gnoll hits you with a +0 club.
You closely miss the gnoll.
The gnoll is lightly wounded.
The two-headed ogre shouts in stereo!
The gnoll hits you with a +0 club.
You closely miss the gnoll.
The gnoll is lightly wounded.
You block the gnoll's attack.
You slice the gnoll!!
You kill the gnoll!
You hit the two-headed ogre but do no damage.
The two-headed ogre hits you with a +0 giant club!!
The two-headed ogre hits you with a +0 giant club!
You hit the two-headed ogre.
The two-headed ogre is lightly wounded.
The two-headed ogre hits you with a +0 giant club!
* * * LOW HITPOINT WARNING * * *
You block the two-headed ogre's attack.
You slash the two-headed ogre!
The two-headed ogre is moderately wounded.
The two-headed ogre hits you with a +0 giant club!!
You die...

######### ...# ######...#
##.......##### ...###........#
.............## ..............#
..............# ..............##
....###'##'##'###................
....#.....#.....#...........#....
....#.....#.....#.......$........
....+##'##+##'##@O.............O.
....#..#.....#..#................
##..#..#'###'#..#................
#####..#.....#..##........†......
#...+..'.._..'..' .......#.......
#...#..#.....#..# ...?.. #.......
....#..#+###+#.. ...!. #.......
....#..# #.. ..... #.......
....'##+ .. ####....


You could see a two-headed ogre.

Vanquished Creatures
  Edmund (D:5)
  A sky beast (D:5)
  5 ogres
  An ice beast (D:5)
  A centaur (D:6)
  3 phantoms
  A kobold brigand (Sewer)
  2 scorpions
  A bullfrog zombie (D:6)
  A centaur zombie (D:5)
  5 hounds
  4 orc priests
  4 orc wizards
  A scorpion zombie (D:5)
  4 iguanas
  A hound zombie (D:5)
  4 gnolls
  5 adders
  2 river rats (Sewer)
  An ufetubus (D:5)
  3 adder skeletons
  5 worms
  A dart slug (D:4)
  29 orcs
  10 ball pythons
  4 endoplasms
  2 giant cockroaches
  9 goblins
  4 hobgoblins
  4 jackals
  2 quokkas
  6 bats
  4 frilled lizards
  8 kobolds
  5 rats
144 creatures vanquished.

Vanquished Creatures (others)
  A plant (D:3)
1 creature vanquished.

Grand Total: 145 creatures vanquished

Notes
Turn   | Place    | Note
-------+----------+-------------------------------------------
     0 | D:1      | Banquo the Formicid Fighter began the quest for the Orb.
     0 | D:1      | Reached XP level 1. HP: 18/18 MP: 1/1
    46 | D:1      | Reached XP level 2. HP: 21/24 MP: 2/2
   629 | D:2      | Reached XP level 3. HP: 16/29 MP: 3/3
  1403 | D:1      | HP: 1/29 [poisoned by a kobold]
  2155 | D:3      | Found a faded altar of an unknown god.
  2161 | D:3      | Became a worshipper of Uskayaw the Reveller
  2161 | D:3      | Reached * piety under Uskayaw
  2164 | D:3      | Reached ** piety under Uskayaw
  2183 | D:3      | Reached XP level 4. HP: 18/36 MP: 4/4
  2434 | D:3      | Reached skill level 3 in Axes
  2479 | D:3      | Reached *** piety under Uskayaw
  2480 | D:3      | Reached XP level 5. HP: 27/41 MP: 5/5
  2710 | D:3      | Reached skill level 4 in Axes
  2918 | D:3      | Found a bloodstained altar of Trog.
  2928 | D:3      | Reached XP level 6. HP: 48/48 MP: 6/6
  3018 | D:3      | Noticed an ogre
  3026 | D:3      | Killed an ogre
  3167 | D:3      | Found an iron altar of Okawaru.
  3429 | D:3      | Found a runed translucent door.
  3430 | D:3      | Noticed Crazy Yiuf
  3751 | D:4      | Reached skill level 5 in Axes
  4088 | D:4      | Reached XP level 7. HP: 22/54 MP: 7/7
  4274 | D:4      | Found Olang's Weapon Shop.
  4311 | D:4      | Reached skill level 1 in Dodging
  4401 | D:4      | Found a sacrificial altar of Ru.
  4422 | D:4      | Reached skill level 6 in Axes
  4446 | D:4      | Reached skill level 5 in Shields
  4546 | D:4      | Found a glowing silver altar of Zin.
  4833 | D:4      | Found a radiant altar of Vehumet.
  5270 | D:5      | Entered Level 5 of the Dungeon
  5310 | D:5      | Reached XP level 8. HP: 60/60 MP: 8/8
  5327 | D:5      | Reached skill level 7 in Axes
  5399 | D:5      | Found a glowing drain.
  5402 | Sewer    | Entered a sewer
  5613 | Sewer    | Found a white marble altar of Elyvilon.
  5668 | D:5      | Noticed Edmund
  5681 | D:5      | Killed Edmund
  5789 | D:5      | Found a shadowy altar of Dithmenos.
  5811 | D:5      | Reached skill level 8 in Axes
  5817 | D:5      | Reached **** piety under Uskayaw
  5832 | D:5      | Found an ancient bone altar of Kikubaaqudgha.
  5853 | D:5      | Reached skill level 5 in Armour
  5896 | D:5      | Reached XP level 9. HP: 54/66 MP: 9/9
  5970 | D:5      | Found a staircase to the Ecumenical Temple.
  6004 | Temple   | Entered the Ecumenical Temple
  6237 | D:5      | Reached skill level 9 in Axes
  6673 | D:5      | Found an ornate altar of the Wu Jian Council.
  6868 | D:5      | Reached skill level 5 in Fighting
  7692 | D:6      | Noticed a two-headed ogre
  7803 | D:6      | Found a stormy altar of Qazlal.
  7803 | D:6      | Found a broken altar of Ashenzari.
  7947 | D:6      | Found a white marble altar of Elyvilon.
  7996 | D:6      | Annihilated by a two-headed ogre

Illustrated notes

Levels and vault maps discovered:
D:1:      roderic_crossed_star, layout_rooms, minmay_tromino_i4
D:2:      layout_basic, minmay_fractal_squares_gapless_5
D:3:      layout_loops_ring, bloody_trog, kennysheep_okawaru_gauntlet,
          dreamdust_ecumenical_altar_grove, uniq_crazy_yiuf_cottage
D:4:      minmay_chambers_of_threes, layout_gridville, nicolae_ru_path_of_blood,
          fiery_altar_vehumet, mainiacjoe_overflow_small_starburst,
          serial_shops, shop
D:5:      layout_basic, grunt_temple_overflow_open,
          nicolae_wu_jian_immortal_techniques, minmay_temple_entry_water_ring,
          gup_sewer_entry_bowl, kennysheep_crisscross,
          minmay_increasing_density, uniq_edmund
D:6:      minmay_spotlight, layout_basic, mainiacjoe_overflow_24_doors,
          mainiacjoe_overflow_divided_tiny, lemuel_flamethrower_2
Temple:   cyrus_temple_forest

Skill      XL: |  1  2  3  4  5  6  7  8  9 |
---------------+----------------------------+-----
Shields        | 4 5 |  5.9
Axes           | 3 4 5 6 8 9 |  9.6
Armour         | 4 5 |  5.5
Fighting       | 4 5 |  5.1
Dodging        | 1 |  1.8

Action                   |  1- 3 |  4- 6 |  7- 9 || total
-------------------------+-------+-------+-------++-------
Melee: War axe           |    98 |   110 |   293 ||   501
 Abil: Dig               |     4 |     5 |    13 ||    22
  Use: Potion            |     1 |       |       ||     1
       Scroll            |     6 |     2 |     6 ||    14
 Stab: Paralysed         |       |       |     4 ||     4
Armor: Scale mail        |    29 |       |       ||    29
       Chain mail        |    22 |    41 |   107 ||   170
Dodge: Dodged            |    28 |    18 |    71 ||   117
Block: Kite shield       |    57 |    60 |   137 ||   254
